 Dungeon Crawl Stone Soup version 0.23.0-33-g5e6c059 (webtiles) character file.

Game seed: 0

1843 Fang the Skirmisher (level 9, -8/85 HPs)
             Began as a Gargoyle Berserker on Feb 26, 2019.
             Was an Elder of Trog.
             Killed by divine providence
             ... invoked by an orc priest
              (14 damage)
             ... on level 7 of the Dungeon.
             The game lasted 00:07:03 (5705 turns).

Fang the Skirmisher (Gargoyle Berserker)            Turns: 5705, Time: 00:07:03

Health: -8/85      AC: 22    Str: 29    XL:     9   Next: 12%
Magic:  9/9        EV: 10    Int:  8    God:    Trog [****..]
Gold:   408        SH:  0    Dex: 12    Spells: 8/8 levels left

rFire    . . .     SeeInvis .   k - +1 battleaxe
rCold    . . .     Gourm    .   (shield currently unavailable)
rNeg     + . .     Faith    .   r - +1 plate armour
rPois    ∞         Spirit   .   (no helmet)
rElec    +         Reflect  .   (no cloak)
rCorr    .         Harm     .   v - +1 pair of gloves
MR       .....                  (no boots)
Stlth    ..........             (no amulet)
HPRegen  0.24/turn              q - +3 ring of dexterity
MPRegen  0.11/turn              b - ring of flight

@: berserking (expiring), very quick
A: negative energy resistance 1, electricity resistance, unbreathing,
petrification resistance, rot immunity, AC +6
a: Berserk, Trog's Hand, Brothers in Arms, Renounce Religion, Evoke Flight


You were on level 7 of the Dungeon.
You worshipped Trog.
Trog was greatly pleased with you.
You were very hungry.

You visited 2 branches of the dungeon, and saw 8 of its levels.

You collected 408 gold pieces.

Inventory:

Hand Weapons
 k - a +1 battleaxe (weapon)
Armour
 r - a +1 plate armour (worn)
 v - a +1 pair of gloves (worn)
 y - +0 fire dragon scales
Jewellery
 b - a ring of flight (right hand)
 q - a +3 ring of dexterity (left hand)
Scrolls
 a - a scroll of fear
 g - 5 scrolls of identify
 h - a scroll of magic mapping
 n - a scroll of teleportation
 p - 4 scrolls of remove curse
Potions
 d - a potion of might {unknown}
 e - a potion of flight {unknown}
 j - a potion of magic
 l - 3 potions of curing {unknown}
 m - a potion of lignification
 s - 3 potions of haste {unknown}
 t - 2 potions of agility {unknown}
 u - a potion of mutation {unknown}
 w - 2 potions of degeneration {unknown}
 x - 3 potions of heal wounds {unknown}
 A - 2 potions of brilliance {unknown}
Comestibles
 c - 8 rations
 f - 3 chunks of flesh


   Skills:
 + Level 7.0 Fighting
 + Level 5.9 Axes
 + Level 6.6 Armour
 + Level 5.0 Dodging


You had 8 spell levels left.
You didn't know any spells.
Your spell library was empty.

Dungeon Overview and Level Annotations

Branches:
Dungeon (7/15)             Temple (1/1) D:6

Altars:
Cheibriados
Dithmenos
Elyvilon
Kikubaaqudgha
Makhleb
Nemelex Xobeh
Okawaru
Sif Muna
Vehumet
Wu Jian
Zin
The Shining One


Innate Abilities, Weirdness & Mutations

You are resistant to torment.
Your stone body is resilient. (AC +6)
You are immune to poison.
You resist negative energy. (rN+)
You are resistant to electric shocks. (rElec)
You can survive without breathing.
You are immune to petrification.
You are immune to rotting.


Message History

You kill the orc warrior!
Trog accepts your kill. Something hits you but does no damage.
You miss something. Something hits you but does no damage.
You miss something. Something hits you.
* * * LOW HITPOINT WARNING * * *
You hear some strange, mumbled words.
A puff of flame appears from out of thin air!
The puff of flame hits you.
* * * LOW HITPOINT WARNING * * *
The orc priest mumbles some strange prayers to Beogh against you.
Your plate armour prevents you from hitting something.
Something hits you but does no damage.
You miss something. Something hits you but does no damage.
The orc priest mumbles some strange prayers to Beogh against you.
You closely miss something. Something hits you but does no damage.
You miss something. Something hits you but does no damage.
The orc priest invokes the aid of Beogh against you.
Beogh smites you!
You die...

*,*,***,*,*
*,#...,,*,***
*,...,,,,,,,********
#,.o.,,,*,*,,,,,,,,*
#.#oo,,,,,********,*
*.#o##*,*** *,*
*,ooo,,,* **,*
**#{#**** **,,, #@#
####### *,*** #.#
#.....# *,* * #.#
#.....# *,***
####.####.....#
**,,,
#.......#.....# ****
#.##.##.#.....#####
#.##.##.###.......#
#.##.##.#
#.#####.#**
#.##.##.# #.# #.#,,


You could see 3 orc priests and 4 orcs.

Vanquished Creatures
  Menkaure (D:6)
  2 phantoms
  A black bear (D:7)
  An ice beast (D:6)
  An orc warrior (D:7)
  2 ogres (D:6)
  2 centaurs
  Blork the orc (D:6)
  2 crimson imps
  4 orc priests
  A centaur skeleton (D:4)
  6 hounds
  An iguana (D:5)
  2 orc wizards
  3 worker ants
  11 gnolls
  6 adders
  3 oozes
  2 adder skeletons
  A worm (D:3)
  2 dart slugs (D:1)
  2 leopard geckos
  7 orcs
  A ball python (D:6)
  3 giant cockroaches
  21 goblins
  16 hobgoblins
  13 jackals
  8 kobolds
  3 quokkas
  3 bats
  A frilled lizard (D:3)
  2 leopard gecko skeletons
  8 rats
143 creatures vanquished.

Vanquished Creatures (others)
  A sky beast (D:6)
1 creature vanquished.

Grand Total: 144 creatures vanquished

Notes
Turn   | Place    | Note
-------+----------+-------------------------------------------
     0 | D:1      | Fang the Gargoyle Berserker began the quest for the Orb.
     0 | D:1      | Reached XP level 1. HP: 14/14 MP: 1/1
   158 | D:1      | Reached XP level 2. HP: 16/19 MP: 2/2
   275 | D:1      | Reached XP level 3. HP: 15/23 MP: 3/3
   290 | D:1      | Reached ** piety under Trog
  1062 | D:2      | Found an ornate altar of the Wu Jian Council.
  1171 | D:2      | Reached XP level 4. HP: 29/29 MP: 4/4
  1212 | D:2      | Found an ancient bone altar of Kikubaaqudgha.
  1312 | D:2      | Found a snail-covered altar of Cheibriados.
  1722 | D:3      | Reached skill level 4 in Fighting
  1731 | D:3      | Reached XP level 5. HP: 33/33 MP: 5/5
  2066 | D:3      | Reached *** piety under Trog
  2256 | D:3      | Found a deep blue altar of Sif Muna.
  2294 | D:3      | Reached XP level 6. HP: 39/39 MP: 6/6
  2920 | D:4      | Found a glowing golden altar of the Shining One.
  3010 | D:4      | Found a white marble altar of Elyvilon.
  3113 | D:4      | Found a shadowy altar of Dithmenos.
  3113 | D:4      | Found an iron altar of Okawaru.
  3211 | D:5      | Entered Level 5 of the Dungeon
  3240 | D:5      | Noticed a phantom
  3271 | D:5      | Killed a phantom
  3271 | D:5      | Reached skill level 5 in Fighting
  3271 | D:5      | Reached XP level 7. HP: 34/44 MP: 7/7
  4020 | D:6      | Found a radiant altar of Vehumet.
  4022 | D:6      | Reached **** piety under Trog
  4048 | D:6      | Reached skill level 5 in Armour
  4093 | D:6      | HP: 1/44 [orc priest/divine providence (13)]
  4097 | D:6      | Reached XP level 8. HP: 4/51 MP: 8/8
  4650 | D:6      | Found a staircase to the Ecumenical Temple.
  4661 | Temple   | Entered the Ecumenical Temple
  4735 | D:6      | Reached skill level 6 in Fighting
  4735 | D:6      | Reached skill level 5 in Axes
  5197 | D:6      | Noticed Blork the orc
  5198 | D:6      | Noticed Menkaure
  5220 | D:6      | Killed Blork the orc
  5224 | D:6      | Killed Menkaure
  5277 | D:6      | Found a glowing silver altar of Zin.
  5277 | D:6      | Noticed an angel
  5603 | D:7      | Reached XP level 9. HP: 56/56 MP: 9/9
  5686 | D:7      | Reached skill level 7 in Fighting
  5686 | D:7      | Reached skill level 5 in Dodging
  5705 | D:7      | Killed from afar by an orc priest

Skill      XL: |  1  2  3  4  5  6  7  8  9 |
---------------+----------------------------+-----
Dodging        | 2 3 4 5 |  5.0
Axes           | 3 4 5 |  5.9
Armour         | 3 4 5 6 |  6.6
Fighting       | 4 5 6 7 |  7.0

Action                   |  1- 3 |  4- 6 |  7- 9 || total
-------------------------+-------+-------+-------++-------
Melee: Hand axe          |    81 |   229 |       ||   310
       Battleaxe         |       |   100 |   157 ||   257
Invok: Berserk           |       |     1 |     3 ||     4
  Use: Potion            |       |       |     1 ||     1
       Scroll            |       |       |    10 ||    10
  Eat: Chunk             |     1 |     8 |    10 ||    19
Armor: Animal skin       |    21 |       |       ||    21
       Chain mail        |     8 |   128 |       ||   136
       Plate armour      |       |    97 |    23 ||   120
       Fire dragon scale |       |       |   144 ||   144
       Skin              |       |       |     2 ||     2
Dodge: Dodged            |    47 |   148 |   143 ||   338
